[Event "Czech Extraliga 2023-24"]
[Site "Czech Republic"]
[Date "2024.04.06"]
[Round "10.7"]
[White "Jirovsky, Milos"]
[Black "Konopka, Michal"]
[Result "1/2-1/2"]
[ECO "D70"]
[WhiteElo "2450"]
[BlackElo "2346"]
[Annotator "TA"]
[PlyCount "91"]
[EventDate "2023.10.14"]
[EventCountry "CZE"]
[SourceTitle "playchess.com"]
[Source "ChessBase"]
[SourceQuality "1"]
[TimeControl "40/5400+30:1800+30"]

1. c4 c6 2. Nf3 d5 3. e3 g6 4. d4 Nf6 5. Bd3 Bg7 6. O-O O-O 7. Nbd2 Bg4 8. h3 Bxf3 9. Nxf3 c5 {[%emt 0:02:06] White has an edge.} 10. b3 cxd4 11. exd4 Nc6 12. Bb2 e6 13. Rc1 Rc8 14. Re1 Qc7 15. c5 Nd7 16. a3 e5 17. dxe5 Ndxe5 18. Nxe5 Nxe5 19. Bxe5 Bxe5 20. b4 Bb2 $1 21. Rb1 Bc3 22. Re2 Rfe8 23. Qb3 Rxe2 24. Bxe2 d4 25. Bf3 Re8 26. Qd5 Re7 27. g3 Rd7 28. Qc4 Qe5 {[%emt 0:04:24] aiming for ...Qf5.} 29. Kg2 Rc7 30. Rc1 {[%emt 0:02:58] Black is weak on the light squares} a5 31. Rc2 axb4 32. axb4 Qe6 33. Qb5 Kg7 34. Re2 (34. Bxb7 $14 Re7 35. Bf3) 34... Qa6 35. Qe8 d3 {[%emt 0:00:33] [#]} (35... Qf6 $1 $11) 36. Re5 Qf6 {[%emt 0:01:30] Against Qd8} (36... Bxb4 $2 37. Qd8 Rxc5 38. Re8 $18) 37. Rd5 {[%emt 0:04:07] And now Rd8 would win.} Re7 (37... Bxb4 38. Rd8 (38. Rxd3 Qe7 $11) 38... Kh6 39. Qf8+ (39. Rxd3 Bxc5 40. Rd5 Bd6 $11) 39... Qg7 40. Qd6 Bxc5 41. Qf4+ (41. Qxc7 Qf6 $18) 41... g5 42. Qxc7 $18) 38. Qb5 d2 {[%emt 0:00:10] [#]} (38... Be1 $11 39. Qxd3 (39. Rxd3 $2 Qb2 $19) 39... Bxb4) 39. Qc4 $1 $16 Re1 40. b5 (40. Rd6 $1 $14 Qe5 41. Rd7 (41. Bxb7 $2 {loses.} d1=Q $19)) 40... Rc1 $11 {[%emt 0:00:19] The position is equal.} 41. Rd7 Ba5 $36 {[%emt 0:15:22][%cal Bc3a5,Ba5b4,Bb4c5][%mdl 2080] Black has some pressure.} 42. Qa2 Bb4 43. c6 ({Much weaker is} 43. Qb3 Rc3 (43... Bxc5 44. Rxd2 Rc3 45. Qd1 $11) 44. Qd1 Rxc5 $17) 43... bxc6 44. b6 {[%emt 0:00:00] Dancing on a razor blade.} Rc3 45. Be4 {[%emt 0:00:00][%cal Ob6b7] Black must now prevent b7! Active counter play!} Bc5 $1 46. Rxd2 {[%emt 0:00:00] Weighted Error Value: White=0.15 (very precise) /Black=0.11 (very precise) .  Mistake:       	White=3     	Black=2      Inaccurate:     	White=2     	Black=2      OK:         	White=12    	Black=9      Best:        	---       	Black=2      Strong:       	White=1     	Black=2} 1/2-1/2

[Event "Czech Extraliga 2023-24"]
[Site "Czech Republic"]
[Date "2024.04.06"]
[Round "10.7"]
[White "Svanda, Ondrej"]
[Black "Pulpan, Jakub"]
[Result "1/2-1/2"]
[ECO "E17"]
[WhiteElo "2396"]
[BlackElo "2378"]
[Annotator "RC"]
[PlyCount "95"]
[EventDate "2023.10.14"]
[EventCountry "CZE"]
[SourceTitle "playchess.com"]
[Source "ChessBase"]
[SourceQuality "1"]
[TimeControl "40/5400+30:1800+30"]

1. c4 e6 2. g3 d5 3. Nf3 Nf6 4. Bg2 Be7 5. O-O O-O 6. b3 b6 7. d4 Bb7 8. Nc3 Nbd7 9. Bb2 c5 10. Ne1 Rb8 11. cxd5 Nxd5 12. Nxd5 exd5 13. dxc5 Nxc5 14. Nc2 Ne4 15. Ne3 Bg5 16. Ng4 f5 17. Qd4 Qe7 18. Ne5 Bf6 19. Rac1 Rfe8 20. f4 Rbc8 21. Rfd1 Qe6 22. Qa4 a6 23. Bd4 Nc5 24. Qb4 a5 25. Qd2 Red8 26. Qe3 Re8 27. Rc3 Qd6 28. Rdc1 Ra8 29. Bxc5 bxc5 30. Rxc5 Bxe5 31. fxe5 Rxe5 32. Qd4 Rae8 33. Rc7 R8e7 34. Qc5 Qxc5+ 35. R1xc5 a4 36. bxa4 Rxe2 37. Rxe7 Rxe7 38. Bxd5+ Bxd5 39. Rxd5 Re2 40. Rxf5 Rxa2 41. Rf4 h5 42. h3 Kh7 43. Kf1 Ra3 44. Kf2 Ra2+ 45. Kf3 Ra3+ 46. Kf2 Ra2+ 47. Kf3 Ra3+ 48. Kf2 1/2-1/2

[Event "Czech Extraliga 2023-24"]
[Site "Czech Republic"]
[Date "2024.04.06"]
[Round "10.7"]
[White "Jurcik, Martin"]
[Black "Mica, Marek"]
[Result "1/2-1/2"]
[ECO "A13"]
[WhiteElo "2361"]
[BlackElo "2355"]
[Annotator "RC"]
[PlyCount "33"]
[EventDate "2023.10.14"]
[EventCountry "CZE"]
[SourceTitle "playchess.com"]
[Source "ChessBase"]
[SourceQuality "1"]
[TimeControl "40/5400+30:1800+30"]

1. c4 e6 2. e3 d5 3. Nf3 Nf6 4. b3 Be7 5. Bb2 O-O 6. d4 dxc4 7. Bxc4 a6 8. O-O Nbd7 9. Nbd2 c5 10. Be2 b6 11. dxc5 Bxc5 12. a3 a5 13. Ne1 Qe7 14. Nd3 Rd8 15. Qc2 Bb7 16. a4 Rac8 17. Nc4 1/2-1/2

[Event "Czech Extraliga 2023-24"]
[Site "Czech Republic"]
[Date "2024.04.06"]
[Round "10.7"]
[White "Danada, Tomas"]
[Black "Sorm, Daniel"]
[Result "1-0"]
[ECO "B62"]
[WhiteElo "2195"]
[BlackElo "2273"]
[Annotator "RC"]
[PlyCount "105"]
[EventDate "2023.10.14"]
[EventCountry "CZE"]
[SourceTitle "playchess.com"]
[Source "ChessBase"]
[SourceQuality "1"]
[TimeControl "40/5400+30:1800+30"]

1. e4 c5 2. Nf3 d6 3. Nc3 Nc6 4. d4 cxd4 5. Nxd4 Nf6 6. Bg5 e6 7. Qd3 Qb6 8. Nb3 Be7 9. Be3 Qc7 10. O-O-O O-O 11. Bf4 Rd8 12. Be2 a6 13. g4 b5 14. g5 Ne5 15. Qg3 Nfd7 16. a3 Rb8 17. h4 b4 18. axb4 Rxb4 19. h5 a5 20. g6 fxg6 21. hxg6 hxg6 22. Bxe5 dxe5 23. Qxg6 Nf8 24. Qh5 Rxd1+ 25. Bxd1 a4 26. Qh8+ Kf7 27. Bh5+ Kf6 28. Rh3 Bd6 29. Rf3+ Kg5 30. Rf7 Qxf7 31. Bxf7 Kf6 32. Nd2 Kxf7 33. Nf3 Bd7 34. Qh5+ g6 35. Nxe5+ Kg7 36. Qg5 a3 37. bxa3 Rd4 38. Kb2 Be8 39. Ng4 Nh7 40. Qe3 Bc5 41. Qh6+ Kg8 42. Ne5 Rd6 43. Nc4 Rd7 44. Nb5 Rb7 45. a4 Bxf2 46. Ncd6 Bd4+ 47. Kb3 Bg7 48. Qe3 Re7 49. Nxe8 Rxe8 50. a5 Ra8 51. Qb6 Nf6 52. a6 Kh7 53. Qc6 1-0

[Event "Czech Extraliga 2023-24"]
[Site "Czech Republic"]
[Date "2024.04.06"]
[Round "10.8"]
[White "Havelka, Josef"]
[Black "Pisk, Petr"]
[Result "1/2-1/2"]
[ECO "B32"]
[WhiteElo "2380"]
[BlackElo "2283"]
[Annotator "RC"]
[PlyCount "121"]
[EventDate "2023.10.14"]
[EventCountry "CZE"]
[SourceTitle "playchess.com"]
[Source "ChessBase"]
[SourceQuality "1"]
[TimeControl "40/5400+30:1800+30"]

1. e4 c5 2. Nf3 Nc6 3. d4 cxd4 4. Nxd4 e5 5. Nb5 a6 6. Nd6+ Bxd6 7. Qxd6 Qf6 8. Qxf6 Nxf6 9. Nc3 Nb4 10. Bd3 b5 11. Bg5 Bb7 12. f4 Ng4 13. fxe5 Nxe5 14. O-O-O Rc8 15. Kb1 Nbxd3 16. cxd3 O-O 17. Rhe1 f5 18. Be7 Rf7 19. Bd6 Ng6 20. Rd2 Re8 21. Rde2 fxe4 22. Nxe4 Bxe4 23. dxe4 Ne5 24. Rd1 Re6 25. b3 h6 26. Kb2 Nc6 27. Kc3 Re8 28. Bg3 Rfe7 29. Rd6 Rc8 30. Kb2 Rce8 31. Red2 Rxe4 32. Rxd7 Re2 33. R7d6 Rxd2+ 34. Rxd2 Re6 35. Kc3 Re3+ 36. Kc2 Kf7 37. Rd7+ Re7 38. Rd2 Re3 39. Kb2 g5 40. Rc2 Re6 41. Kc3 Kg6 42. Rd2 Re3+ 43. Kb2 Re6 44. Kc3 h5 45. Rd6 Rxd6 46. Bxd6 Kf5 47. Kd3 Ke6 48. Bf8 Kd5 49. h3 Ke5 50. Bc5 Kd5 51. Bf8 Ne5+ 52. Ke3 Ng6 53. Bh6 g4 54. hxg4 hxg4 55. g3 a5 56. Bg7 a4 57. Bc3 axb3 58. axb3 Ne5 59. Bxe5 Kxe5 60. b4 Kd5 61. Kd3 1/2-1/2

[Event "Czech Extraliga 2023-24"]
[Site "Czech Republic"]
[Date "2024.04.06"]
[Round "10.8"]
[White "Cerveny, Martin"]
[Black "Hollan, Martin"]
[Result "1/2-1/2"]
[ECO "E61"]
[WhiteElo "2367"]
[BlackElo "2345"]
[Annotator "RC"]
[PlyCount "98"]
[EventDate "2023.10.14"]
[EventCountry "CZE"]
[SourceTitle "playchess.com"]
[Source "ChessBase"]
[SourceQuality "1"]
[TimeControl "40/5400+30:1800+30"]

1. d4 Nf6 2. c4 g6 3. Nc3 Bg7 4. Bg5 O-O 5. Qd2 d6 6. Bh6 c5 7. Bxg7 Kxg7 8. e3 cxd4 9. Qxd4 Nc6 10. Qd2 Be6 11. Nf3 Rc8 12. Be2 Qa5 13. Rd1 Rfd8 14. O-O d5 15. cxd5 Nxd5 16. Nxd5 Qxd2 17. Rxd2 Bxd5 18. a3 Bxf3 19. Rxd8 Rxd8 20. Bxf3 Ne5 21. Rc1 Rd2 22. b4 b6 23. h3 Nxf3+ 24. gxf3 Rd3 25. Rc7 Rxa3 26. Rxe7 Ra4 27. b5 Ra5 28. f4 Kf6 29. Re5 a6 30. bxa6 Rxa6 31. Kg2 Ra7 32. Kf3 Rb7 33. Rb5 Ke6 34. Ke4 f5+ 35. Kd4 Rd7+ 36. Kc3 Rd6 37. f3 Kd7 38. h4 Kc6 39. Re5 Kd7 40. Rb5 Kc6 41. Re5 Kd7 42. Kc4 Rc6+ 43. Kb5 Rc1 44. Kxb6 Rh1 45. Kc5 Rxh4 46. Rd5+ Ke7 47. Kd4 Rh3 48. Ra5 Rxf3 49. Ra7+ Kf6 1/2-1/2

[Event "Czech Extraliga 2023-24"]
[Site "Czech Republic"]
[Date "2024.04.06"]
[Round "10.8"]
[White "Pachmann, Ales"]
[Black "Vrana, Jan"]
[Result "0-1"]
[ECO "C68"]
[WhiteElo "2306"]
[BlackElo "2338"]
[Annotator "RC"]
[PlyCount "84"]
[EventDate "2023.10.14"]
[EventCountry "CZE"]
[SourceTitle "playchess.com"]
[Source "ChessBase"]
[SourceQuality "1"]
[TimeControl "40/5400+30:1800+30"]

1. e4 e5 2. Nf3 Nc6 3. Bb5 a6 4. Bxc6 dxc6 5. O-O Bd6 6. d4 exd4 7. Qxd4 f6 8. e5 fxe5 9. Nxe5 Qf6 10. Re1 Ne7 11. Nd2 O-O 12. Ndf3 h6 13. Bd2 c5 14. Qc3 Be6 15. Qe3 Rae8 16. Bc3 Nd5 17. Qe4 Nxc3 18. bxc3 c6 19. c4 Bf5 20. Qf4 Bxc2 21. Qxf6 Rxf6 22. Nxc6 Rxe1+ 23. Nxe1 Be4 24. Na5 Be5 25. Rd1 Bd4 26. Nf3 Bxf3 27. gxf3 Rxf3 28. Nxb7 Rc3 29. Nd6 Rc2 30. Nf5 Bxf2+ 31. Kf1 Rxa2 32. Rd7 Bd4 33. Nxd4 cxd4 34. h4 Kh7 35. Rxd4 a5 36. Ke1 a4 37. c5 a3 38. Ra4 Kg6 39. Kd1 Kf6 40. c6 Ke7 41. Rd4 Rh2 42. Rd7+ Ke6 0-1

[Event "Czech Extraliga 2023-24"]
[Site "Czech Republic"]
[Date "2024.04.06"]
[Round "10.8"]
[White "Rabatin, Jakub"]
[Black "Simek, Petr"]
[Result "1-0"]
[ECO "B91"]
[WhiteElo "2293"]
[BlackElo "2301"]
[Annotator "RC"]
[PlyCount "73"]
[EventDate "2023.10.14"]
[EventCountry "CZE"]
[SourceTitle "playchess.com"]
[Source "ChessBase"]
[SourceQuality "1"]
[TimeControl "40/5400+30:1800+30"]

1. e4 c5 2. Nf3 d6 3. d4 cxd4 4. Nxd4 Nf6 5. Nc3 a6 6. g3 e5 7. Nde2 Nbd7 8. Bg2 b5 9. O-O Bb7 10. h3 h5 11. a4 b4 12. Nd5 Nxd5 13. exd5 Qa5 14. c3 bxc3 15. Nxc3 Be7 16. Bd2 f5 17. Qc2 O-O 18. Nb5 Qb6 19. Qc7 Qxc7 20. Nxc7 Rac8 21. Ne6 Rfe8 22. Ba5 Kf7 23. Rfc1 Nf6 24. Nc7 Rh8 25. b4 Bd8 26. b5 axb5 27. Nxb5 Be7 28. Bb4 Rxc1+ 29. Rxc1 Bxd5 30. Bxd6 Bxd6 31. Nxd6+ Ke6 32. Nb5 Bxg2 33. Kxg2 Nd5 34. Rc6+ Ke7 35. a5 Rb8 36. Rc5 Ke6 37. a6 1-0

[Event "Czech Extraliga 2023-24"]
[Site "Czech Republic"]
[Date "2024.04.06"]
[Round "10.8"]
[White "Liska, Jiri"]
[Black "Gnida, Patrik"]
[Result "1/2-1/2"]
[ECO "D21"]
[WhiteElo "2285"]
[BlackElo "2216"]
[Annotator "RC"]
[PlyCount "73"]
[EventDate "2023.10.14"]
[EventCountry "CZE"]
[SourceTitle "playchess.com"]
[Source "ChessBase"]
[SourceQuality "1"]
[TimeControl "40/5400+30:1800+30"]

1. Nf3 d5 2. d4 c5 3. c4 dxc4 4. Nc3 a6 5. dxc5 Qxd1+ 6. Kxd1 e6 7. Na4 Nd7 8. Be3 Ngf6 9. Rc1 Ng4 10. Rxc4 Nxe3+ 11. fxe3 b5 12. cxb6 Bb7 13. e4 Bd6 14. e3 Ke7 15. Bd3 Rhc8 16. Rxc8 Rxc8 17. Ke2 Nc5 18. Nxc5 Bxc5 19. Rc1 Bxb6 20. Rxc8 Bxc8 21. h3 Bb7 22. b4 h5 23. Nd4 a5 24. bxa5 Bxa5 25. Nb3 Bb6 26. a4 f5 27. a5 fxe4 28. Bxe4 Bxe4 29. axb6 Bxg2 30. Nc5 Kd6 31. b7 Kc7 32. Nxe6+ Kxb7 33. Nf4 Be4 34. h4 g6 35. Ne6 Kc6 36. Ng5 Kd5 37. Kf2 1/2-1/2

[Event "Czech Extraliga 2023-24"]
[Site "Czech Republic"]
[Date "2024.04.07"]
[Round "11.1"]
[White "Harikrishna, Pentala"]
[Black "Pechac, Jergus"]
[Result "1/2-1/2"]
[ECO "C60"]
[WhiteElo "2701"]
[BlackElo "2586"]
[Annotator "TA"]
[PlyCount "54"]
[EventDate "2023.10.14"]
[EventCountry "CZE"]
[SourceTitle "playchess.com"]
[Source "ChessBase"]
[SourceQuality "1"]
[TimeControl "40/5400+30:1800+30"]

1. e4 e5 2. Nf3 Nc6 3. Bb5 Nge7 4. d4 exd4 5. Nxd4 Nxd4 6. Qxd4 Nc6 7. Qe3 Be7 8. O-O O-O 9. Nc3 Re8 10. Rd1 Ne5 11. Nd5 Bh4 12. g3 c6 13. gxh4 cxd5 14. Rxd5 Qxh4 {[%emt 0:00:33] [#] White must now prevent ...Re6.} 15. Qf4 Qe7 16. Qg3 b6 17. Bf4 {[%emt 0:02:54] A strong pair of Bishops.} Ng6 18. Re1 Bb7 19. Rxd7 (19. Rd6 $1 $11) 19... Qb4 $36 {[%emt 0:00:14][%mdl 2048] Black is on the roll.} 20. c3 Qxb5 21. Rxb7 Qxb2 22. Qf3 Qxa2 23. Bg3 Ne5 24. Bxe5 Rxe5 25. Qf4 {[%emt 0:00:25] Against h6} f6 26. Kh1 {[%emt 0:04:24] [#] Hoping for Rg1.} Qe6 ({Better is} 26... Qa6 $17 27. Rd7 Qa3) 27. Rg1 $11 Rg5 $1 {[%emt 0:03:18] Weighted Error Value: White=0.06 (flawless) /Black=0.09 (flawless) .  Mistake:       	White=1     	Black=1      OK:         	White=10    	Black=14     Best:        	White=1     	Black=1      Strong:       	---       	Black=1} (27... Rxe4 28. Qh6 (28. Rbxg7+ Kf8 $18) 28... Rg4 29. Rxg7+ Kf8 30. Rxh7+ (30. R1xg4 Qd5+ 31. Kg1 Qd1+ 32. Kg2 Qxg4+ 33. Rxg4+ Kf7 34. Qxh7+ Ke6 35. Re4+ Kd6) 30... Ke8 31. Qh5+ Kf8 32. Rxg4) 1/2-1/2

[Event "Czech Extraliga 2023-24"]
[Site "Czech Republic"]
[Date "2024.04.07"]
[Round "11.1"]
[White "Korobov, Anton"]
[Black "Stocek, Jiri"]
[Result "1/2-1/2"]
[ECO "E10"]
[WhiteElo "2663"]
[BlackElo "2531"]
[Annotator "TA"]
[PlyCount "111"]
[EventDate "2023.10.14"]
[EventCountry "CZE"]
[SourceTitle "playchess.com"]
[Source "ChessBase"]
[SourceQuality "1"]
[TimeControl "40/5400+30:1800+30"]

1. d4 Nf6 2. c4 e6 3. Nf3 h6 4. g3 Bb4+ 5. Bd2 a5 6. Bg2 {[%emt 0:01:50] E10: Blumenfeld Gambit.} O-O 7. O-O d5 8. Qc2 Re8 $146 ({Predecessor:} 8... Nc6 9. a3 Be7 10. Bf4 a4 11. Rd1 Bd7 12. Nbd2 Nh5 13. Be3 Na5 14. Ne5 Be8 {0-1 Sharma,D (2203)-Das,S (2489) IND-ch 60th Pune 2023 (11)}) 9. a3 Bf8 10. Nc3 Na6 11. c5 c6 12. Na4 Nd7 13. Ne5 Nab8 14. Nd3 b5 15. cxb6 Nxb6 16. Nac5 N8d7 17. Nxd7 Bxd7 18. a4 Nc4 19. Bc3 Qb6 20. b3 Nd6 $1 21. Rab1 Nf5 22. Qd2 Qa7 (22... Nxd4 $2 {perishes.} 23. Ne5 Nxe2+ 24. Qxe2 $18) 23. e3 Bc8 24. Rfc1 Ba6 ({Black should play} 24... Qc7 $14) 25. Ne5 $16 (25. Bxa5 $2 {loses.} Bxd3 26. Qxd3 Qxa5 $19) 25... Bb7 26. b4 Nd6 27. bxa5 f6 28. Nd7 Nc4 29. Qe1 Ba6 30. Nxf8 ({White should try} 30. Nb6 $1) 30... Rxf8 31. Bf1 Rfe8 32. Qd1 Qd7 33. Qg4 Na3 {[%emt 0:02:19] [#]} 34. Rb3 $1 Bxf1 35. Rxf1 Nc4 36. Rfb1 f5 37. Qf4 g5 {[%emt 0:03:17] [#]} 38. Qf3 $1 Re7 (38... Qf7 $16 39. Qd1 Kg7) 39. Qh5 Kg7 40. h4 $2 (40. a6 $18 {has better winning chances. And now Rb7 would win.} Rxa6 41. Rb8) 40... Qe8 $16 41. Qxe8 Rexe8 42. h5 g4 43. Rb7+ Kf6 44. Bb4 ({Better is} 44. Kg2 $16) 44... Nxa5 $11 45. Bxa5 Rxa5 46. Rh7 Rxa4 47. Rxh6+ Kg5 48. Rh7 c5 49. dxc5 Rc4 50. Rbb7 Rxc5 (50... Rg8 $1 $11 {remains equal.}) 51. Kg2 (51. Rbg7+ $16 Kf6 52. Rg6+ Ke5 53. h6) 51... Rg8 $11 52. Rb6 Re8 53. Rbb7 Rg8 54. h6 Rg6 55. Rbg7 Rc8 56. Rxg6+ 1/2-1/2

[Event "Czech Extraliga 2023-24"]
[Site "Czech Republic"]
[Date "2024.04.07"]
[Round "11.1"]
[White "Nabaty, Tamir"]
[Black "Warakomski, Tomasz"]
[Result "0-1"]
[ECO "A45"]
[WhiteElo "2643"]
[BlackElo "2539"]
[Annotator "TA"]
[PlyCount "68"]
[EventDate "2023.10.14"]
[EventCountry "CZE"]
[SourceTitle "playchess.com"]
[Source "ChessBase"]
[SourceQuality "1"]
[TimeControl "40/5400+30:1800+30"]

1. d4 Nf6 2. Bf4 c5 3. d5 b5 4. f3 d6 5. e4 a6 $1 6. a4 b4 7. Bc4 g6 8. c3 {[%emt 0:02:50] White has an edge.} bxc3 9. Nxc3 Bg7 10. Nge2 Nbd7 11. Qd2 Qa5 12. O-O Rb8 13. b3 h6 14. Rac1 g5 15. Be3 Ne5 16. Ng3 (16. Rb1 $11) 16... Nxc4 $15 17. bxc4 Rb3 (17... Nd7 {simplifies} 18. Qc2 Bxc3 19. Qxc3 Qxc3 20. Rxc3 f6) 18. e5 Nd7 19. f4 (19. exd6 $17 {was called for.} Bxc3 20. Qe2) 19... gxf4 $19 (19... dxe5 $2 20. Nf5 (20. fxg5 e4 $16) 20... Bf8 21. fxg5 hxg5 22. Qd1 $18 (22. Bxg5 Qb4 $18)) 20. Bxf4 Bxe5 (20... dxe5 $2 21. Nf5 Bf6 22. Bxh6 $18) 21. Bxe5 Nxe5 22. Qf4 Kd8 {[%emt 0:10:03][%cal Oe5d3] White must now prevent ...Nd3!} (22... Rxc3 23. Qd2 $11) 23. Nce4 Nd3 $2 (23... Qxa4 $2 24. Nxc5 $18) (23... Kc7 $19 {[%cal Oc8d7] aiming for ...Bd7!} 24. Nd2 Rc3) 24. Qh4 $11 Nxc1 (24... Qxa4 25. Nxd6 Rb2 26. Nxf7+ Kc7 27. Qxe7+ (27. Nxh8 Qa2 $18) 27... Qd7 28. Qe4 $18) 25. Nxd6 Rh7 26. Nxc8 Kxc8 27. Qxe7 {[%emt 0:01:40] Nf5 would now be deadly.} Nd3 28. Ne4 {[%emt 0:03:50] [#]} (28. Nf5 $11 {was the only way to keep the balance.}) 28... Rh8 $1 $17 {[%emt 0:02:05] Hoping for ...Qc7.} (28... Qxa4 29. Qf8+ Kb7 30. Qg8 $18 (30. Nxc5+ $2 Nxc5 31. Qg8 Qxc4 $19)) 29. Nd6+ $2 (29. Qa7 $17 {was the crucial defense.} Rd8 (29... Qxa4 $2 30. Nd6+ Kd8 31. Nxf7+ Kc8 32. Nd6+ Kd8 33. Qa8+ Kc7 34. Qxh8 $18) 30. Qa8+ Rb8 31. Qc6+ Qc7 32. Qxa6+ Rb7 33. Qa8+ Qb8 34. Qa6) 29... Kb8 $19 30. Nxf7 {[%emt 0:00:17] [#]} Qc3 31. h3 (31. Qe3 Rf8) 31... Rg8 {[%emt 0:03:27][%cal Og8g2] ( -> ...Rxg2+!)} 32. Nd8 {[%emt 0:00:35] [#]} Rxg2+ $3 {[%emt 0:01:06][%mdl 512] Black mates.} 33. Kxg2 {[%emt 0:00:36] [#]} Nf4+ $1 34. Rxf4 Qg3+ {[%emt 0:00:10] Weighted Error Value: White=0.97/Black=0.13 (very precise) .  Loses game:     	White=1     	---        Missed win:     	---       	Black=1      Mistake:       	White=3     	---        Inaccurate:     	White=4     	Black=4      OK:         	White=7     	Black=11     Best:        	White=2     	Black=2      Strong:       	---       	Black=1} 0-1

[Event "Czech Extraliga 2023-24"]
[Site "Czech Republic"]
[Date "2024.04.07"]
[Round "11.1"]
[White "Teclaf, Pawel"]
[Black "Haring, Filip"]
[Result "1/2-1/2"]
[ECO "A25"]
[WhiteElo "2570"]
[BlackElo "2432"]
[Annotator "TA"]
[PlyCount "81"]
[EventDate "2023.10.14"]
[EventCountry "CZE"]
[SourceTitle "playchess.com"]
[Source "ChessBase"]
[SourceQuality "1"]
[TimeControl "40/5400+30:1800+30"]

1. c4 e5 2. g3 Nc6 3. Bg2 g6 4. Nc3 Bg7 5. Rb1 a5 6. a3 Nf6 7. d3 h6 8. b4 axb4 9. axb4 O-O 10. e3 d6 11. Nge2 h5 12. h3 Ne7 13. Qb3 c6 14. b5 Be6 15. O-O h4 16. g4 $14 Nh7 17. f4 f5 18. g5 (18. gxf5 $14 Rxf5 19. Bd2) 18... Qa5 (18... Bf7 $11) 19. Bd2 Rfd8 {[%emt 0:06:05] [#]} (19... Qa3 $11 {remains equal.}) 20. bxc6 $1 $16 bxc6 {[%emt 0:02:51] [#]} 21. Nd5 $1 Qa7 {[%emt 0:02:48] [#]} 22. Ra1 $1 {[%emt 0:05:20][%mdl 512] White is more active.} Qd7 23. Nxe7+ Qxe7 24. Rxa8 (24. Bxc6 Rab8 25. Qa3 exf4 26. exf4 Qc7 $14) 24... Rxa8 25. Bxc6 Rc8 (25... Ra6 $16 26. Bb7 Ra7) 26. Qb7 $18 Rc7 27. Qb5 (27. Qb6 $18) 27... exf4 (27... Bf7 $142) 28. exf4 Bd7 {[%emt 0:00:10] [#]} 29. Bxd7 (29. Qd5+ $1 $16 Qf7 30. Bxd7 (30. Qxd6 $2 Rxc6 31. Qb8+ Nf8 $19) (30. Qxf7+ Kxf7 31. Bd5+ Be6 $16) 30... Rxd7 31. Nc3 (31. Qxf7+ Kxf7 32. Be3 Nf8 $16)) 29... Qxe2 $11 {[%emt 0:07:13] The position is equal.} 30. Be1 {[%emt 0:13:52] Threatens to win with Qb8+.} (30. Qd5+ Kh8 31. Qa8+ (31. Qxd6 $2 Qxd2 32. Bc6 Qe3+ 33. Kh2 Qg3+ 34. Kh1 Qxh3+ 35. Kg1 Qg3+ 36. Kh1 Nf8 $19) 31... Nf8 $17) 30... Qxd3 31. Bc6 (31. Bxh4 $2 {is the wrong capture.} Bd4+ 32. Kg2 Qe4+ 33. Rf3 Nf8 34. Bxf5 (34. Be8 $2 Rc8 $19) 34... gxf5 35. Qd5+ Ne6 $19) 31... Bd4+ 32. Kg2 {[%emt 0:01:55] Black must now prevent Qb8+.} Re7 {[%emt 0:00:03] ( -> ...Re2+)} 33. Bf2 {[%emt 0:00:05] Chess con chili.} Bxf2 34. Qd5+ Qxd5+ 35. Bxd5+ Kg7 36. Kxf2 Nf8 $1 37. Ra1 Nd7 $1 38. Ra7 {[%emt 0:04:45] aiming for Bc6.} Kf8 39. Ra8+ Re8 40. Ra6 Nc5 $1 41. Rxd6 {[%emt 0:32:20] Weighted Error Value: White=0.14 (very precise) /Black=0.16 (very precise) .  Mistake:       	White=3     	Black=5      Inaccurate:     	White=1     	Black=1      OK:         	White=8     	Black=8      Best:        	White=2     	Black=6      Strong:       	White=1     	Black=3      Brilliant:      	White=1     	---} 1/2-1/2

[Event "Czech Extraliga 2023-24"]
[Site "Czech Republic"]
[Date "2024.04.07"]
[Round "11.1"]
[White "Kobo, Ori"]
[Black "Gumularz, Szymon"]
[Result "1/2-1/2"]
[ECO "A30"]
[WhiteElo "2530"]
[BlackElo "2591"]
[Annotator "TA"]
[PlyCount "52"]
[EventDate "2023.10.14"]
[EventCountry "CZE"]
[SourceTitle "playchess.com"]
[Source "ChessBase"]
[SourceQuality "1"]
[TimeControl "40/5400+30:1800+30"]

1. Nf3 Nf6 2. c4 b6 3. g3 Bb7 4. Bg2 c5 5. O-O g6 6. b3 Bg7 7. Bb2 O-O 8. d4 cxd4 9. Qxd4 d6 10. Nc3 Nbd7 11. Rfd1 Rc8 12. Rac1 a6 13. Ne1 Bxg2 14. Nxg2 Re8 15. Ne3 {[%emt 0:01:56] White is slightly better.} Qc7 16. Ncd5 Qb7 17. Ba1 b5 18. Qh4 bxc4 19. bxc4 Nxd5 20. Nxd5 {[%emt 0:04:38] [#] And now Rb1 would win.} Nc5 21. Bxg7 Kxg7 22. Rb1 Qa7 23. Qd4+ f6 24. Rb3 Rf8 25. Rdb1 Rf7 26. Rb4 Re8 {[%emt 0:14:58] Weighted Error Value: White=0.07 (flawless) /Black=0.07 (flawless) .  Inaccurate:     	White=1     	---        OK:         	White=5     	Black=5} 1/2-1/2

[Event "Czech Extraliga 2023-24"]
[Site "Czech Republic"]
[Date "2024.04.07"]
[Round "11.1"]
[White "Sahidi, Samir"]
[Black "Gelfand, Boris"]
[Result "1/2-1/2"]
[ECO "D43"]
[WhiteElo "2478"]
[BlackElo "2661"]
[Annotator "TA"]
[PlyCount "76"]
[EventDate "2023.10.14"]
[EventCountry "CZE"]
[SourceTitle "playchess.com"]
[Source "ChessBase"]
[SourceQuality "1"]
[TimeControl "40/5400+30:1800+30"]

1. d4 Nf6 2. c4 e6 3. Nf3 d5 4. Nc3 c6 5. Bg5 h6 6. Bxf6 Qxf6 7. e3 Nd7 8. Bd3 dxc4 9. Bxc4 g6 10. O-O Bg7 11. Rc1 O-O 12. Qe2 Qe7 {[%emt 0:01:35] The position is equal.} 13. Rfd1 a6 14. Ne4 b6 15. h4 Bb7 16. Bd3 Rfd8 17. Ng3 a5 18. Rd2 c5 19. Be4 Bxe4 20. Nxe4 cxd4 21. exd4 Rac8 22. Rxc8 Rxc8 23. Rc2 Qf8 24. g3 Nf6 25. Rxc8 Qxc8 26. Nxf6+ Bxf6 $11 {[%emt 0:00:15][%mdl 4096] Endgame. KQB-KQN} 27. Qb5 Qd8 28. Qc4 Qd6 29. Kg2 Kg7 30. b3 g5 31. hxg5 hxg5 32. a4 g4 33. Nh2 Qxd4 34. Nxg4 Qxc4 35. bxc4 Bd4 36. f4 f5 37. Nf2 Bxf2 38. Kxf2 Kf6 {[%emt 0:00:05] Not much happened in this game.   Weighted Error Value: White=0.03 (flawless) /Black=0.03 (flawless) .  OK:         	White=12    	Black=6} 1/2-1/2